 Dungeon Crawl Stone Soup version 0.28-a0-384-g9e0c098162 (webtiles) character file.

Game seed: 18241222142722965711

291 robertstho the Magician (level 6, -3/43 HPs)
             Began as a Djinni Fire Elementalist on Sept 2, 2021.
             Slain by an orc priest (8 damage)
             ... on level 3 of the Dungeon.
             The game lasted 00:05:25 (4278 turns).

robertstho the Magician (Djinni Fire Elementalist)  Turns: 4278, Time: 00:05:27

Health: -3/43      AC:  2    Str:  7    XL:     6   Next: 59%
Gold:   50         EV: 12    Int: 18    God:
                   SH:  0    Dex: 14

rFire   + + .      SeeInvis .   k - +1 dagger (drain)
rCold   x . .      Faith    .   (no shield)
rNeg    . . .      Spirit   .   a - +0 robe
rPois   ∞          Reflect  .   (no helmet)
rElec   .          Harm     .   (no cloak)
rCorr   .          Rampage  .   (no gloves)
Will    .....                   (boots unavailable)
Stlth   ++........              (no amulet)
HPRegen 0.14/turn               (no ring)
MPRegen 0.00/turn               (no ring)

@: weak-willed, flying
A: sickness immunity, fire resistance 2, cold vulnerability 1, float, innate
caster, hp casting, extra vitality 1
a: no special abilities


You were on level 3 of the Dungeon.
You visited 1 branch of the dungeon, and saw 3 of its levels.

You collected 50 gold pieces.

Inventory:

Hand Weapons
 k - a +1 dagger of draining (weapon)
Missiles
 d - a throwing net
Armour
 a - a +0 robe (worn)
Jewellery
 c - a ring of resist corrosion
Scrolls
 b - 4 scrolls of identify
 j - a scroll of amnesia {unknown}
 l - a scroll of teleportation {unknown}
Potions
 g - 2 potions of flight


   Skills:
 * Level 1.8 Fighting
 + Level 2.4 Dodging
 + Level 2.0 Stealth
 * Level 4.8 Spellcasting


You couldn't memorise any spells.
You knew the following spells:

 Your Spells              Type           Power      Damage    Failure   Level
a - Foxfire               Conj/Fire      84%        2x1d8     1%          1
b - Scorch                Fire           42%        2d7       2%          2
c - Conjure Flame         Conj/Fire      21%        6-21      5%          3
d - Inner Flame           Hex/Fire       21%        N/A       5%          3
e - Sticky Flame          Conj/Fire      21%        2d4       19%         4
f - Fireball              Conj/Fire      10%        3d6       45%         5
g - Magic Dart            Conj           84%        1d7       1%          1
h - Ensorcelled Hibernat  Hex/Ice        42%        N/A       2%          2
Your spell library was empty.

Dungeon Overview and Level Annotations

Branches:
Dungeon (3/15)

Altars:
Uskayaw
Xom


Innate Abilities, Weirdness & Mutations

You are immune to sickness and miasma.
You are immune to poison.
Your flesh is very heat resistant. (rF++)
You are vulnerable to cold. (rC-)
You float through the air rather than walking.
You learn spells naturally, not from books.
Your magical power is your life essence.
You have superior vitality. (+4 HP)


Message History

The orc priest hits you from afar with a +0 trident.
The orc completely misses you.
The orc is no longer more vulnerable to fire.
The orc hits you with a +0 hand axe.
* * * LOW HITPOINT WARNING * * *
The orc priest hits you from afar with a +0 trident.
* * * LOW HITPOINT WARNING * * *
The orc hits you with a +0 dagger.
* * * LOW HITPOINT WARNING * * *
Okay, then.
It was a potion of flight.
You feel more buoyant. The orc barely misses you.
The orc priest barely misses you. The orc barely misses you.
It was a potion of curing.
You feel better. The orc hits you with a +0 hand axe.
The orc priest closely misses you. The orc hits you with a +0 dagger.
As you read the scroll labelled GUIX LUEQOCKAO, it crumbles to dust.
Magic quickly surges around you.
It was a scroll of vulnerability.
The orc barely misses you.
The orc priest casts a cantrip, but nothing happens.
The orc hits you with a +0 dagger.
* * * LOW HITPOINT WARNING * * *
As you read the scroll labelled WIEZ RIEFRIUNT, it crumbles to dust.
It is a scroll of enchant weapon.
Your +0 dagger of draining glows red for a moment.
The orc hits you with a +0 hand axe.
* * * LOW HITPOINT WARNING * * *
The orc priest hits you from afar with a +0 trident.
* * * LOW HITPOINT WARNING * * *
An endoplasm comes into view.
The orc hits you with a +0 dagger.
* * * LOW HITPOINT WARNING * * *
As you read the scroll labelled WUAHUMO ARUDDO, it crumbles to dust.
You hear a loud clanging noise!
It was a scroll of noise.
You hear an angry hiss.
The orc barely misses you.
The orc priest hits you from afar with a +0 trident!
You die...

... # ##....'.# ...
#....#.# ##.
#..###.#
#############.###.#
#..............##.#
#.###########..##.#
#.# ##..#.#
#.######
#####..#o####
#......#
......(@)J..#
######.#
#####..o#o....#
######.#
#...#.#.#.#
.......#
#...#oo...#
..######
#.......### ..#
#....#.. ..# #...>
..# ..### ######
.....#


You could see an orc priest (weak-willed), 2 orcs and an endoplasm.

Vanquished Creatures
  A phantom (D:3)
  An orc priest (D:3)
  An orc wizard (D:3)
  Robin (D:3)
  7 adders
  3 worms
  A dart slug (D:1)
  4 orcs
  10 ball pythons
  5 endoplasms
  A giant cockroach (D:1)
  13 goblins
  10 hobgoblins
  4 jackals (D:1)
  3 quokkas
  8 bats
  2 frilled lizards
  2 kobolds
  2 rats
79 creatures vanquished.

Vanquished Creatures (others)
  99 foxfires
99 creatures vanquished.

Grand Total: 178 creatures vanquished

Notes
Turn   | Place    | Note
-------+----------+-------------------------------------------
     0 | D:1      | robertstho the Djinni Fire Elementalist began the quest for
                  | the Orb.
     0 | D:1      | Reached XP level 1. HP: 15/15 MP: 0/0
   372 | D:1      | Reached XP level 2. HP: 19/21 MP: 0/0
   936 | D:1      | Reached skill level 3 in Spellcasting
   936 | D:1      | Reached XP level 3. HP: 24/26 MP: 0/0
   936 | D:1      | Learned a level 1 spell: Magic Dart
  1822 | D:2      | Reached skill level 1 in Fighting
  1825 | D:2      | Reached XP level 4. HP: 24/32 MP: 0/0
  2517 | D:2      | Found a shimmering altar of Xom.
  3078 | D:2      | Reached XP level 5. HP: 31/37 MP: 0/0
  3078 | D:2      | Learned a level 2 spell: Ensorcelled Hibernation
  3414 | D:3      | Noticed a phantom
  3426 | D:3      | Killed a phantom
  3427 | D:3      | Reached skill level 4 in Spellcasting
  3642 | D:3      | Identified the +0 helmet "Meusof" {rN+}
  3642 | D:3      | Noticed Robin
  3647 | D:3      | Killed Robin
  3648 | D:3      | Reached XP level 6. HP: 30/42 MP: 0/0
  3952 | D:3      | Found a shimmering altar of Xom.
  4099 | D:3      | Found a hide-covered altar of Uskayaw.
  4278 | D:3      | Slain by an orc priest

Illustrated notes

Levels and vault maps discovered:
D:1:      eino_arrival_cavern_c, layout_loops_cross
D:2:      layout_basic, basic_altar, kennysheep_path_1, minmay_misc_feat_doors,
          st_stairs_6
D:3:      layout_basic, general_overflow_altar, eat_drink_and_be_merry_uskayaw,
          uniq_robin

Skill      XL: |  1  2  3  4  5 |
---------------+----------------+-----
Spellcasting   | 3 4 |  4.8
Fighting       | 1 |  1.8
Stealth        | 2 |  2.0
Dodging        | |  2.4

Action                   |  1- 3 |  4- 6 || total
-------------------------+-------+-------++-------
Melee: Unarmed           |       |     1 ||     1
 Cast: Foxfire           |    48 |    13 ||    61
       Scorch            |    17 |    71 ||    88
  Use: Scroll            |     2 |     3 ||     5
       Potion            |       |     2 ||     2
Armor: Robe              |     2 |     9 ||    11
Dodge: Dodged            |     8 |    30 ||    38

Table legend: (Time is in decaauts)
 A = Elapsed time spent in this place.
 B = Non-inter-level travel time spent in this place.
 C = Inter-level travel time spent in this place.
 D = Time resting spent in this place.
 E = Time spent auto-exploring this place.
 F = Levels seen in this place.
 G = Mean time per level.
                   A        B        C        D        E       F      G
               +--------+--------+--------+--------+--------+-----+--------+
         Total |   4278 |   4228 |     50 |    503 |   3256 |   3 | 1426.0 |
       Dungeon |   4278 |   4228 |     50 |    503 |   3256 |   3 | 1426.0 |
               +--------+--------+--------+--------+--------+-----+--------+

Top non-repeatable levels by time:
     D:1: 1805 daAuts
     D:2: 1765 daAuts
     D:3: 707 daAuts
